 Dungeon Sprint DCSS version 0.20-a0-833-gc632bec (webtiles) character file.

11100000 esc the Formicid Barricade (level 27, -16/249 HPs)
             Began as a Formicid Fighter on Mar 7, 2017.
             Was the Champion of Makhleb.
             Demolished by The Servant
             ... wielding a +9 glaive of flaming
              (28 damage)
             ... in the Dungeon (Sprint VIII: "Arena of Blood").
             The game lasted 00:02:35 (111 turns).

esc the Formicid Barricade (Formicid Fighter)        Turns: 111, Time: 00:02:36

Health: -16/249    AC: 13    Str: 26    XL:     27
Magic:  51/54      EV: 29    Int: 11    God:    Makhleb [******]
Gold:   0          SH: 19    Dex: 15    Spells: 80/80 levels left

rFire    . . .     SeeInvis +   l - +∞ Axe of Woe
rCold    . . .     Gourm    .   b - +0 scale mail
rNeg     . . .     Faith    .   c - +0 shield
rPois    .         Spirit   .   (helmet unavailable)
rElec    .         Reflect  .   (no cloak)
rCorr    .         Harm     .   (no gloves)
MR       ++...                  (no boots)
Stlth    ++++++++..             (no amulet)
Regen    0.6/turn               (no ring)
MPRegen  0.4/turn               (no ring)

@: no status effects
A: permanent stasis, dig shafts and tunnels, four strong arms, antennae 3
a: Dig, Minor Destruction, Lesser Servant of Makhleb, Major Destruction, Greater
Servant of Makhleb, Renounce Religion


You were in the Dungeon.
You worshipped Makhleb.
Makhleb was exalted by your worship.
You were not hungry.

You visited 1 branch

Inventory:

Hand Weapons
 a - a +0 war axe
 l - the +∞ Axe of Woe (weapon)
   (You found it in the Dungeon)
Armour
 b - a +0 scale mail (worn)
 c - a +0 shield (worn)
Scrolls
 k - a scroll of blinking {!r}
Potions
 d - a potion of might
 e - a potion of curing
 g - a potion of heal wounds
 h - a potion of haste
 i - 2 potions of magic
 j - a potion of berserk rage {!q}
Comestibles
 f - a bread ration {@e1}


   Skills:
 O Level 27 Fighting
 O Level 27 Axes
 O Level 27 Throwing
 O Level 27 Armour
 O Level 27 Dodging
 O Level 27 Stealth
 O Level 27 Shields
 O Level 27 Unarmed Combat
 O Level 27 Spellcasting
 O Level 27 Invocations


You had 80 spell levels left.
You didn't know any spells.

Dungeon Overview and Level Annotations

Branches:
Dungeon (1/1)

Altars:
Makhleb

Annotations:
D The Servant


Innate Abilities, Weirdness & Mutations

You cannot be hasted, slowed, berserked, paralysed or teleported.
You can dig through walls and to a lower floor.
Your four strong arms can wield two-handed weapons with a shield.
You have a pair of large antennae on your head. (SInv)


Message History

You kill the bag of meat!
Makhleb accepts your kill.
You feel better.
You slice the destroyer!! You chop the destroyer into pieces.
You destroy the destroyer!
Makhleb accepts your kill.
You feel better.
You dice the meat berserker like an onion!!!
You butcher the meat berserker messily.
You kill the meat berserker!
Makhleb accepts your kill.
You hear a shout! x5
The tyrant casts a spell.
The tyrant seems to speed up.
The observer gazes at you. Something smites you!
You hear a shout!
The destroyer blinks!
You hear a shout!
The accursed casts a spell at you. Something smites you!
A meat berserker comes into view. It is wielding a +9 battleaxe.
You regained 126 hp, and now have 221/249 hp.
Unknown command.
Unknown command.
Unknown command.
You dice the large bag of meat like an onion!!!
You hew the large bag of meat savagely.
The large bag of meat explodes!
The fiery explosion engulfs you!
The fiery explosion engulfs the bag of meat. x2
The fiery explosion engulfs the dread.
The fiery explosion engulfs the wretched soul.
The fiery explosion engulfs the bag of meat.
Makhleb accepts your kill.
You feel better.
You slash the bag of meat!
You hew the bag of meat savagely.
You kill the bag of meat!
Makhleb accepts your kill.
You hit the dread but do no damage.
You fatally mangle the dread.
You destroy the dread!
Makhleb accepts your kill.
You are engulfed in blazing flames.
You hear a roar!
You hear a shout! x9
The wretched soul is engulfed in blazing flames.
The bag of meat is engulfed in blazing flames.
You hear a shout!
A meat berserker comes into view. It is wielding a +9 battleaxe.
You regained 27 hp, and now have 248/249 hp.
Unknown command.
Unknown command.
Unknown command.
The meat beast gives a hideous shriek!
You hit the wretched soul.
You butcher the wretched soul messily.
You destroy the wretched soul!
Makhleb accepts your kill.
You hit the bag of meat.
You slaughter the bag of meat joyfully.
You kill the bag of meat!
Makhleb accepts your kill.
You hit the bag of meat.
You cleave the bag of meat in twain.
You kill the bag of meat!
Makhleb accepts your kill.
You feel better.
You are engulfed in blazing flames.
You hear a shout! x3
The observer gazes at you. Something smites you!
The accursed gestures at you while chanting.
Something smites you!
You hear a shout! x4
The meat beast bites you!! The meat beast tramples you!
You hold your ground!
You take 54 damage, and have 194/249 hp.
MASSIVE DAMAGE!!
Unknown command.
You open the bag of meat like a pillowcase!!!
You dissect the bag of meat like a pig carcass.
You kill the bag of meat!
Makhleb accepts your kill.
You feel better.
You slice the meat beast!!
You fatally mangle the meat beast.
You kill the meat beast!
Makhleb accepts your kill.
You feel better.
You slash the meat berserker!
You hew the meat berserker savagely.
You kill the meat berserker!
Makhleb accepts your kill.
You are engulfed in blazing flames.
The meat berserker rages.
You hear a shout! x4
The eight-headed meat hydra calls on the powers of darkness!
The eight-headed meat hydra convulses!
The meat berserker convulses!
The bag of meat convulses! x11; The observer convulses!
The bag of meat convulses! x4; The Servant convulses!
The meat berserker convulses!
The bag of meat convulses!
Your body is wracked with pain!
The bag of meat convulses! x10
You hear a shout!
The bag of meat is engulfed in blazing flames.
You hear a shout!
The Servant is engulfed in blazing flames.
The Servant hits you from afar with a +9 glaive of flaming!!!!
* * * LOW HITPOINT WARNING * * *
The Servant burns you!!
You die... ##)# ...{o.. . #.## ......O . ##.## oG..... ##V## o.ooo..

. ##.##ooOD#
. ##{#oooo##
.
##.#oOoWM.#.
.
#)###)@o.o.#
.
##)#@oo...##
.
##)#§LV.#..
. ###oooo# o
.


ooooo2o . ...oG.G ....OO. ....... ....... You could see an accursed, a meat
beast, a tyrant, The Servant, an eight-headed meat hydra, a destroyer, 3
observers, a wretched soul (invisible), 5 meat berserkers and 27 bags of meat.

Vanquished Creatures
  2 hell beasts (D)
  A wraith (D)
  5 vampire knights (D)
  19 ogres (D)
  6 two-headed ogres (D)
  2 liches (D)
  35 orcs (D)
  A phantom (D)
71 creatures vanquished.

Notes
Turn   | Place    | Note
-------+----------+-------------------------------------------
     0 | D        | esc the Formicid Fighter began the quest for the Orb.
     0 | D        | Reached XP level 1. HP: 18/18 MP: 1/1
     3 | D        | Noticed a meat berserker
     4 | D        | Became a worshipper of Makhleb the Destroyer
     5 | D        | Noticed a meat berserker
     5 | D        | Noticed a bag of meat
     5 | D        | Noticed a bag of meat
     6 | D        | Noticed a bag of meat
     6 | D        | Noticed a meat berserker
     7 | D        | Noticed a bag of meat
     7 | D        | Noticed a bag of meat
     7 | D        | Noticed a bag of meat
     8 | D        | Killed a bag of meat
     8 | D        | Reached skill level 14 in Fighting
     8 | D        | Reached skill level 13 in Axes
     8 | D        | Reached skill level 14 in Armour
     8 | D        | Reached skill level 12 in Dodging
     8 | D        | Reached skill level 15 in Shields
     8 | D        | Reached XP level 2. HP: 43/43 MP: 2/2
     8 | D        | Reached XP level 3. HP: 49/49 MP: 3/3
     8 | D        | Reached XP level 4. HP: 56/56 MP: 4/4
     8 | D        | Reached XP level 5. HP: 62/62 MP: 5/5
     8 | D        | Reached XP level 6. HP: 69/69 MP: 6/6
     8 | D        | Reached XP level 7. HP: 75/75 MP: 7/7
     8 | D        | Reached XP level 8. HP: 82/82 MP: 8/8
     8 | D        | Reached XP level 9. HP: 88/88 MP: 9/9
     8 | D        | Reached XP level 10. HP: 95/95 MP: 10/10
     8 | D        | Reached XP level 11. HP: 101/101 MP: 11/11
     8 | D        | Reached XP level 12. HP: 108/108 MP: 12/12
     8 | D        | Killed a meat berserker
     8 | D        | Reached * piety under Makhleb
     8 | D        | Reached skill level 18 in Fighting
     8 | D        | Reached skill level 16 in Axes
     8 | D        | Reached skill level 18 in Armour
     8 | D        | Reached skill level 15 in Dodging
     8 | D        | Reached skill level 19 in Shields
     8 | D        | Reached XP level 13. HP: 122/122 MP: 13/13
     8 | D        | Reached XP level 14. HP: 130/130 MP: 14/14
     9 | D        | Killed a bag of meat
     9 | D        | Reached skill level 19 in Fighting
     9 | D        | Reached skill level 17 in Axes
     9 | D        | Reached skill level 19 in Armour
     9 | D        | Reached skill level 16 in Dodging
     9 | D        | Reached skill level 20 in Shields
     9 | D        | Reached XP level 15. HP: 105/139 MP: 15/15
     9 | D        | Killed a meat berserker
     9 | D        | Reached skill level 20 in Fighting
     9 | D        | Reached skill level 19 in Axes
     9 | D        | Reached skill level 20 in Armour
     9 | D        | Reached skill level 18 in Dodging
     9 | D        | Reached skill level 22 in Shields
     9 | D        | Reached XP level 16. HP: 114/150 MP: 16/16
     9 | D        | Killed a meat berserker
     9 | D        | Reached ** piety under Makhleb
     9 | D        | Reached skill level 22 in Fighting
     9 | D        | Reached skill level 20 in Axes
     9 | D        | Reached skill level 22 in Armour
     9 | D        | Reached skill level 19 in Dodging
     9 | D        | Reached skill level 24 in Shields
     9 | D        | Reached skill level 23 in Fighting
     9 | D        | Reached skill level 21 in Axes
     9 | D        | Reached skill level 23 in Armour
     9 | D        | Reached skill level 20 in Dodging
     9 | D        | Reached XP level 17. HP: 124/164 MP: 17/17
    12 | D        | Noticed a large bag of meat
    13 | D        | Reached skill level 22 in Axes
    13 | D        | Reached skill level 25 in Shields
    13 | D        | Reached *** piety under Makhleb
    13 | D        | Reached skill level 24 in Fighting
    13 | D        | Reached skill level 24 in Armour
    13 | D        | Reached skill level 21 in Dodging
    13 | D        | Reached skill level 26 in Shields
    13 | D        | Reached XP level 18. HP: 175/175 MP: 18/18
    13 | D        | Reached skill level 25 in Fighting
    13 | D        | Reached skill level 23 in Axes
    13 | D        | Reached skill level 25 in Armour
    15 | D        | Noticed a large bag of meat
    16 | D        | Reached skill level 24 in Axes
    16 | D        | Reached skill level 22 in Dodging
    16 | D        | Reached skill level 27 in Shields
    16 | D        | Reached skill level 26 in Fighting
    16 | D        | Reached skill level 26 in Armour
    16 | D        | Reached skill level 23 in Dodging
    16 | D        | Reached **** piety under Makhleb
    16 | D        | Reached skill level 27 in Fighting
    16 | D        | Reached skill level 25 in Axes
    16 | D        | Reached skill level 27 in Armour
    16 | D        | Reached XP level 19. HP: 189/189 MP: 19/19
    18 | D        | Reached skill level 26 in Axes
    18 | D        | Reached skill level 24 in Dodging
    18 | D        | Killed a large bag of meat
    18 | D        | Reached skill level 27 in Axes
    18 | D        | Reached skill level 27 in Dodging
    18 | D        | Reached skill level 6 in Throwing
    18 | D        | Reached skill level 8 in Stealth
    18 | D        | Reached skill level 6 in Unarmed Combat
    18 | D        | Reached skill level 6 in Spellcasting
    18 | D        | Reached skill level 7 in Invocations
    18 | D        | Reached XP level 20. HP: 197/197 MP: 19/29
    18 | D        | Reached ***** piety under Makhleb
    18 | D        | Reached skill level 9 in Throwing
    18 | D        | Reached skill level 11 in Stealth
    18 | D        | Reached skill level 9 in Unarmed Combat
    18 | D        | Reached skill level 9 in Spellcasting
    18 | D        | Reached skill level 10 in Invocations
    19 | D        | Noticed a meat berserker
    19 | D        | Noticed a meat berserker
    19 | D        | Noticed a meat berserker
    19 | D        | Noticed a meat berserker
    20 | D        | Noticed a meat berserker
    21 | D        | Noticed a destroyer
    21 | D        | Killed a meat berserker
    21 | D        | Reached skill level 12 in Throwing
    21 | D        | Reached skill level 16 in Stealth
    21 | D        | Reached skill level 12 in Unarmed Combat
    21 | D        | Reached skill level 12 in Spellcasting
    21 | D        | Reached skill level 14 in Invocations
    22 | D        | Noticed a meat berserker
    22 | D        | Killed a meat berserker
    22 | D        | Reached skill level 15 in Throwing
    22 | D        | Reached skill level 19 in Stealth
    22 | D        | Reached skill level 15 in Unarmed Combat
    22 | D        | Reached skill level 15 in Spellcasting
    22 | D        | Reached skill level 17 in Invocations
    22 | D        | Reached XP level 21. HP: 204/204 MP: 19/40
    22 | D        | Reached skill level 16 in Throwing
    22 | D        | Reached skill level 20 in Stealth
    22 | D        | Reached skill level 16 in Unarmed Combat
    22 | D        | Reached skill level 16 in Spellcasting
    22 | D        | Reached skill level 18 in Invocations
    22 | D        | Noticed a large bag of meat
    23 | D        | Killed a large bag of meat
    23 | D        | Reached skill level 18 in Throwing
    23 | D        | Reached skill level 22 in Stealth
    23 | D        | Reached skill level 18 in Unarmed Combat
    23 | D        | Reached skill level 18 in Spellcasting
    23 | D        | Reached skill level 21 in Invocations
    23 | D        | Killed a large bag of meat
    23 | D        | Reached skill level 19 in Throwing
    23 | D        | Reached skill level 24 in Stealth
    23 | D        | Reached skill level 19 in Unarmed Combat
    23 | D        | Reached skill level 19 in Spellcasting
    23 | D        | Reached skill level 22 in Invocations
    23 | D        | Reached XP level 22. HP: 212/212 MP: 19/45
    24 | D        | Reached skill level 20 in Throwing
    24 | D        | Reached skill level 25 in Stealth
    24 | D        | Reached skill level 20 in Unarmed Combat
    24 | D        | Reached skill level 20 in Spellcasting
    24 | D        | Reached skill level 23 in Invocations
    24 | D        | Killed a meat berserker
    24 | D        | Reached skill level 21 in Throwing
    24 | D        | Reached skill level 26 in Stealth
    24 | D        | Reached skill level 21 in Unarmed Combat
    24 | D        | Reached skill level 21 in Spellcasting
    24 | D        | Reached skill level 24 in Invocations
    24 | D        | Reached ****** piety under Makhleb
    24 | D        | Reached skill level 22 in Throwing
    24 | D        | Reached skill level 27 in Stealth
    24 | D        | Reached skill level 22 in Unarmed Combat
    24 | D        | Reached skill level 22 in Spellcasting
    24 | D        | Reached skill level 25 in Invocations
    24 | D        | Reached skill level 23 in Throwing
    24 | D        | Reached skill level 23 in Unarmed Combat
    24 | D        | Reached skill level 26 in Invocations
    24 | D        | Reached XP level 23. HP: 219/219 MP: 20/49
    25 | D        | Reached skill level 24 in Throwing
    25 | D        | Reached skill level 24 in Unarmed Combat
    25 | D        | Reached skill level 24 in Spellcasting
    25 | D        | Reached skill level 27 in Invocations
    25 | D        | Reached skill level 25 in Throwing
    25 | D        | Reached skill level 25 in Unarmed Combat
    25 | D        | Reached skill level 25 in Spellcasting
    26 | D        | Killed a destroyer
    26 | D        | Reached skill level 27 in Throwing
    26 | D        | Reached skill level 27 in Unarmed Combat
    26 | D        | Reached skill level 27 in Spellcasting
    26 | D        | Reached XP level 24. HP: 227/227 MP: 20/54
    26 | D        | Noticed a large bag of meat
    28 | D        | Noticed a large bag of meat
    28 | D        | Killed a large bag of meat
    28 | D        | Reached XP level 25. HP: 234/234 MP: 21/54
    30 | D        | Noticed a destroyer
    31 | D        | Reached XP level 26. HP: 242/242 MP: 22/54
    33 | D        | Killed a large bag of meat
    34 | D        | Noticed a destroyer
    35 | D        | Reached XP level 27. HP: 249/249 MP: 23/54
    65 | D        | Noticed a large bag of meat
    65 | D        | Noticed a dread
    65 | D        | Noticed a meat beast
    91 | D        | Noticed The Servant
    91 | D        | Noticed a destroyer
    91 | D        | Noticed a large bag of meat
    91 | D        | Noticed a destroyer
    91 | D        | Noticed a destroyer
    91 | D        | Noticed a tyrant
    91 | D        | Noticed a tyrant
    92 | D        | Noticed a destroyer
    92 | D        | HP: 50/249 [??? (48)]
    93 | D        | Noticed a destroyer
    93 | D        | Killed a tyrant
    93 | D        | Killed a tyrant
    94 | D        | Noticed a dread
    95 | D        | Noticed a meat beast
    96 | D        | Noticed a meat beast
    96 | D        | Killed a destroyer
    96 | D        | HP: 15/249 [??? (12)]
   103 | D        | Killed a meat beast
   104 | D        | Killed a destroyer
   107 | D        | Noticed a tyrant
   107 | D        | Noticed an accursed
   107 | D        | Noticed a meat beast
   108 | D        | Killed a destroyer
   108 | D        | Killed a destroyer
   109 | D        | Killed a large bag of meat
   109 | D        | Killed a dread
   111 | D        | Killed a meat beast
   111 | D        | HP: 12/249 [The Servant/+9 glaive of flaming (106)]
   111 | D        | Demolished by The Servant

Vault maps used:
D:        meatsprint

Skill      XL: |  1  2  3  4  5  6  7  8  9 10 11 12 13 14 15 16 17 18 19 20 21 22 23 |
---------------+----------------------------------------------------------------------+-----
Fighting       | 14 18 19 20 23 24 27 | 27.0
Axes           | 13 16 17 19 21 22 25 27 | 27.0
Armour         | 14 18 19 20 23 24 27 | 27.0
Dodging        | 12 15 16 18 20 21 23 27 | 27.0
Shields        | 15 19 20 22 24 26 27 | 27.0
Throwing       | 6 15 19 23 27 | 27.0
Stealth        | 8 19 24 27 | 27.0
Unarmed Combat | 6 15 19 23 27 | 27.0
Spellcasting   | 6 15 19 22 27 | 27.0
Invocations    | 7 17 22 26 27 | 27.0

Action                   |  1- 3 |  4- 6 |  7- 9 | 10-12 | 13-15 | 16-18 | 19-21 | 22-24 | 25-27 || total
-------------------------+-------+-------+-------+-------+-------+-------+-------+-------+-------++-------
Melee: Executioner's axe |     1 |       |       |       |     1 |     2 |     4 |     4 |    21 ||    33
 Abil: Dig               |       |       |       |       |       |       |       |       |     7 ||     7
Armor: Scale mail        |       |       |       |       |       |       |       |       |     2 ||     2
Block: Shield            |       |       |       |       |     1 |       |     1 |     2 |     2 ||     6

Vault maps used:
D:        meatsprint

Table legend:
 A = Turns spent in this place as a percentage of turns spent in the entire game.
 B = Non-inter-level travel turns spent in this place as a percentage of non-inter-level travel turns spent in the entire game.
 C = Inter-level travel turns spent in this place as a percentage of turns spent in this place.
 D = Turns resting spent in this place as a percentage of non-inter-level travel turns spent in this place.
 E = Turns spent auto-exploring this place as a percentage of non-inter-level travel turns spent in this place.
 F = Non-inter-level travel turns spent in this place divided by the number of levels of this place that you've seen.
                   A       B       C       D       E      F
               +-------+-------+-------+-------+-------+----------------------
         Total | 100.0 | 100.0 |   0.0 |   0.0 |   0.0 | 178.0
       Dungeon | 100.0 | 100.0 |   0.0 |   0.0 |   0.0 | 178.0
               +-------+-------+-------+-------+-------+----------------------

Table legend:
 A = Kills in this place as a percentage of kills in entire the game.
 B = Kills by you in this place as a percentage of kills by you in the entire game.
 C = Kills by friends in this place as a percentage of kills by friends in the entire game.
 D = Other kills in this place as a percentage of other kills in the entire game.
 E = Experience gained in this place as a percentage of experience gained in the entire game.
 F = Experience gained in this place divided by the number of levels of this place that you have seen.
                   A       B       C       D       E      F
               +-------+-------+-------+-------+-------+----------------------
         Total | 100.0 | 100.0 |  -nan |  -nan | 100.0 | 2027507.0
       Dungeon | 100.0 | 100.0 |  -nan |  -nan | 100.0 | 2027507.0
               +-------+-------+-------+-------+-------+----------------------
